Map: Galactic Process LE

Players

kawaii

  • Race: Terran Terran
  • League: Gold
  • Spawn Location: 1:00

Fropez - Winner!

  • Race: Protoss Protoss
  • League: Gold
  • Spawn Location: 7:00

VOD

Have the link to the VOD?

Description

Time

  • Played on: Sept. 9, 2016, 12:53 p.m.
  • Length: 10:47
Show
View Real Time Build Order
Export as new Build Order

kawaii Terran 

Build Orders:  

Get SALT Encoding   

  12  0:01  SCV  
  13  0:13  SCV  
  14  0:18  Supply Depot  
  14  0:25  SCV  
  15  0:40  SCV  
  15  0:42  Barracks  
  16  0:49  Refinery  
  16  0:52  SCV  
  17  1:00  Barracks  
  17  1:07  SCV  
  18  1:20  SCV  
  19  1:32  SCV, Reaper  
  21  1:46  Orbital Command  
  21  1:50  Reaper  
  22  1:58  Barracks  
  22  2:13  Barracks Reactor  
  22  2:18  SCV  
  22  2:31  Command Center  
  22  2:36  SCV  
  23  2:44  Supply Depot  
  23  2:46  Supply Depot, Barracks Tech Lab  
  23  3:06  Marine, SCV  
  23  3:20  SCV  
  24  3:28  Marine x3  
  24  3:29  Marine  
  24  3:32  SCV  
  29  3:44  SCV  
  29  3:47  Marine x3  
  29  3:48  Marine  
  34  3:56  SCV  
  34  4:01  Factory  
  35  4:03  Refinery  
  35  4:05  Marine x4  
  39  4:16  SCV  
  40  4:23  Stimpack  
  40  4:25  Marine  
  40  4:26  Marine  
  40  4:28  Barracks Reactor, SCV  
  40  4:30  Marine  
  44  4:40  SCV  
  44  4:42  Orbital Command  
  44  4:43  Marine  
  46  4:50  Factory Tech Lab  
  46  4:51  Starport  
  46  4:53  SCV  
  46  4:55  Factory Reactor  
  46  4:57  Marine x2  
  49  5:01  Marine  
  48  5:15  Marine  
  48  5:17  Marine x2, Marauder  
  48  5:19  Marine  
  54  5:25  Supply Depot  
  54  5:32  Supply Depot  
  54  5:33  Supply Depot  
  54  5:35  Supply Depot  
  54  5:37  Supply Depot  
  54  5:38  Supply Depot  
  54  5:47  Factory Tech Lab  
  54  5:51  Medivac x2  
  54  5:52  Marine, Marauder  
  54  5:55  Marine  
  62  6:10  Marine x3  
  64  6:14  Siege Tank  
  67  6:24  SCV  
  68  6:26  SCV  
  69  6:33  Medivac  
  69  6:36  SCV, Medivac  
  74  6:48  SCV  
  74  6:49  Engineering Bay  
  74  6:50  Engineering Bay  
  75  6:56  SCV  
  75  7:00  SCV  
  77  7:01  Refinery  
  77  7:02  Marine x2  
  77  7:03  Marine x3, Refinery  
  82  7:08  SCV  
  82  7:12  SCV  
  84  7:20  SCV  
  76  7:55  Marine  
  76  7:56  Marine x3, Marauder  
  76  7:58  SCV  
  83  7:59  SCV  
  84  8:10  SCV  
  84  8:11  SCV  
  86  8:14  Terran Infantry Weapons Level 1, Terran Infantry Armor Level 1  
  86  8:18  Command Center  
  86  8:20  Armory  
  86  8:22  SCV  
  86  8:23  SCV  
  88  8:32  Marine  
  88  8:33  Marine, Marauder  
  92  8:34  SCV  
  92  8:35  SCV  
  92  8:37  Siege Tank  
  97  8:46  SCV  
  97  8:47  SCV  
  99  8:59  SCV x2  
  101  9:11  SCV x2  
  76  9:17  Liberator  
  76  9:23  Marine  
  76  9:24  Marine x3, Marauder  
  71  9:35  Medivac  
  71  9:36  SCV x2  
  71  9:38  Orbital Command  
  78  9:41  Marine  
  78  9:42  Marine x3  
  82  9:48  SCV x2  
  78  10:00  SCV x2  
  76  10:12  SCV x2  
  63  10:24  SCV x2  
  63  10:27  Marine x2  
  63  10:28  Marine  
Show
View Real Time Build Order
Export as new Build Order

Fropez Protoss - Winner!

Build Orders:  

Get SALT Encoding   

  12  0:03  Probe (Chrono Boost)  
  13  0:18  Probe (Chrono Boost)  
  13  0:19  Pylon  
  14  0:29  Probe (Chrono Boost)  
  15  0:40  Gateway  
  15  0:46  Probe (Chrono Boost)  
  15  0:47  Assimilator  
  17  0:57  Probe (Chrono Boost)  
  17  1:05  Pylon  
  17  1:07  Probe (Chrono Boost)  
  18  1:18  Probe (Chrono Boost)  
  19  1:28  Cybernetics Core  
  19  1:48  Assimilator  
  19  1:55  Probe (Chrono Boost)  
  19  2:00  Pylon  
  20  2:06  Nexus  
  21  2:11  Mothership Core (Chrono Boost)  
  21  2:13  Adept  
  24  2:17  Warp Gate (Chrono Boost)  
  24  2:25  Pylon  
  24  2:31  Assimilator  
  24  2:35  Probe  
  25  2:47  Probe  
  22  3:16  Probe x2  
  24  3:30  Probe, Gateway  
  24  3:31  Probe  
  24  3:33  Gateway  
  26  3:35  Pylon  
  26  3:38  Gateway  
  26  3:48  Probe x2  
  27  3:52  Adept  
  30  4:01  Probe x2  
  31  4:06  Gateway  
  32  4:14  Gateway  
  32  4:33  Gateway  
  32  4:35  Probe x2  
  34  4:41  Gateway  
  34  4:45  Pylon  
  34  4:46  Pylon  
  34  4:52  Pylon  
  34  4:55  Probe  
  34  4:56  Probe  
  34  5:15  Probe  
  34  5:16  Adept x3  
  34  5:17  Adept, Probe  
  44  5:27  Probe  
  45  5:30  Twilight Council  
  45  5:35  Pylon  
  45  5:47  Probe  
  45  5:48  Probe  
  47  5:50  Assimilator  
  47  5:53  Assimilator  
  47  5:58  Probe  
  47  6:00  Probe  
  49  6:10  Adept x5  
  49  6:11  Adept  
  51  6:15  Resonating Glaives (Chrono Boost)  
  51  6:23  Probe  
  51  6:24  Probe  
  52  6:26  Adept  
  52  6:27  Adept  
  57  6:40  Pylon  
  57  6:42  Probe  
  57  6:44  Forge  
  58  6:47  Pylon  
  58  7:06  Probe  
  58  7:07  Probe  
  60  7:17  Protoss Ground Weapons Level 1 (Chrono Boost)  
  58  7:48  Probe  
  58  7:49  Probe  
  50  7:56  Adept x6  
  50  7:57  Adept x2  
  62  8:06  Robotics Facility  
  62  8:07  Pylon, Probe  
  62  8:08  Probe  
  64  8:26  Adept x4  
  64  8:27  Adept x4  
  79  8:48  Stalker x4  
  83  8:49  Stalker  
  89  9:16  Adept x3  
  85  9:17  Adept x5  
  89  9:32  Warp Prism (Chrono Boost)  
  89  9:59  Pylon  
  79  10:35  Stalker x2  
  79  10:36  Stalker x5  
  79  10:37  Stalker  
  89  10:43  Pylon  
Tags
 
League
GoldGold
Matchup
PvT
Replay Pack
All Mines
Spawn Locations
Cross Positions
Add a new tag
Caveats
  • Supply blocks, unpowered buildings, or Contaminate may cause inaccurate times.
  • Supply counts are checked every 10 seconds.